 Dungeon Sprint DCSS version 0.19-a0-895-gdbd5520 (webtiles) character file.

12533 Laraso the Shatterer (level 11, -20/111 HPs)
             Began as a Gargoyle Berserker on July 4, 2016.
             Was the Champion of Trog.
             Demolished by Bonozxiy the pandemonium lord (24 damage)
             ... in the Dungeon (Sprint V: "Ziggurat Sprint").
             The game lasted 00:08:26 (1027 turns).

Laraso the Shatterer (Gargoyle Berserker)           Turns: 1027, Time: 00:08:26

Health: -20/111    AC: 34    Str: 32    XL:     11   Next: 94%
Magic:  11/11      EV:  9    Int:  8    God:    Trog [******]
Gold:   0          SH:  0    Dex: 18    Spells: 0 memorised, 10 levels left

rFire  + + +     SeeInvis .     a - +7 great mace "Firestarter" {inner flame, rF++}
rCold  + . .     Gourm    .     M - +5 gold dragon armour
rNeg   + . .     Faith    .     (shield currently unavailable)
rPois  ∞         Spirit   .     (no helmet)
rElec  +         Dismiss  .     Q - +2 cloak {rPois}
rCorr  .         Reflect  .     (no gloves)
SustAt .         Harm     .     (no boots)
MR     .....     NoTele   +     (no amulet)
Stlth  ..........               z - +6 ring of dexterity
                                E - +6 ring of strength

@: berserking, studying 2 skills, very quick, not resistant to hostile
enchantments, extremely unstealthy
A: negative energy resistance 1, electricity resistance, unbreathing,
petrification resistance, rot immunity, AC +7
a: Berserk, Trog's Hand, Brothers in Arms, Burn Spellbooks, Renounce Religion


You were in the Dungeon.
You worshipped Trog.
Trog was exalted by your worship.
You were hungry.

You visited 1 branch

Inventory:

Hand Weapons
 a - the +7 great mace "Firestarter" (weapon) {inner flame, rF++}
   (You found it in the Dungeon)

   It has been specially enchanted to burn those struck by it, causing extra
   injury to most foes and up to half again as much damage against particularly
   susceptible opponents.
   It greatly protects you from fire.
 b - the +10 dark maul {crush}
   (You found it in the Dungeon)

   It inflicts extra damage upon your enemies.
 K - a +5 demon whip
Armour
 J - a +5 crystal plate armour
 M - a +5 gold dragon armour (worn)
 Q - a +2 cloak of poison resistance (worn)
Jewellery
 k - the ring "Qeosk" {*Drain Int+3 Dex+4 Stlth+}
   (You found it in the Dungeon)

   [ring of dexterity]

   It affects your intelligence (+3).
   It affects your dexterity (+4).
   It causes draining when unequipped.
   It makes you more stealthy.
 z - a +6 ring of dexterity (right hand)
 A - a +6 ring of dexterity
 D - a +6 ring of strength
 E - a +6 ring of strength (left hand)
 F - an uncursed ring of flight
Wands
 v - a wand of disintegration (7/24)
 w - a wand of iceblast (5/15)
 x - a wand of lightning (5/15)
 y - a wand of acid (5/15)
Scrolls
 i - 3 scrolls of blinking
 n - 3 scrolls of recharging
 o - 7 scrolls of fog
 p - a scroll of holy word
 q - 5 scrolls of identify
 r - 5 scrolls of remove curse
 s - 2 scrolls of fear
Potions
 d - 9 potions of curing
 e - 6 potions of heal wounds
 f - 6 potions of haste
 g - 7 potions of magic
 h - 3 potions of berserk rage
 j - 4 potions of resistance
 l - 5 potions of agility
 m - 5 potions of might
 H - 2 potions of brilliance
 I - 2 potions of invisibility
Books
 R - a manual of Fighting
 S - a manual of Stealth
Miscellaneous
 B - a phial of floods
 C - a fan of gales
 G - a disc of storms
 L - a phantom mirror
 N - a box of beasts
 P - a lamp of fire
Comestibles
 c - 5 bread rations
 t - 42 fruits
 u - 3 meat rations
 O - 5 chunks of flesh


   Skills:
 - Level 11.4 Fighting
 * Level 22.7 Maces & Flails
 - Level 11.7 Armour
 - Level 4.5 Dodging


You had 10 spell levels left.
You didn't know any spells.

Dungeon Overview and Level Annotations

Branches:
Dungeon (1/1)

Altars:
Ashenzari
Cheibriados
Dithmenos
Elyvilon
Fedhas
Gozag
Hepliaklqana
Kikubaaqudgha
Makhleb
Nemelex Xobeh
Okawaru
Pakellas
Qazlal
Ru
Sif Muna
Trog
Uskayaw
Vehumet
Xom
Yredelemnul
Zin
The Shining One
Beogh
Jiyva
Lugonu


Innate Abilities, Weirdness & Mutations

You are resistant to torment.
Your stone body is resilient. (AC +7)
You are immune to poison.
You resist negative energy. (rN+)
You are resistant to electric shocks. (rElec)
You can survive without breathing.
You are immune to petrification.
You are immune to rotting.


Message History

Health restored: 74 Your surroundings seem different!
Welcome to arena 12.
A rust devil, a green death, a Hell Sentinel and 2 pandemonium lords come into view.
The green death roars!
Dumucom growls, "Give up, thou tottering ill-nurtured maggot-pie!"
The Hell Sentinel roars!
The rust devil screeches!
Bonozxiy gestures at you.
Found five items.
An orange demon, a soul eater and an ice devil come into view.
Unknown command.
Unknown command.
The floor.
Blink to where?
Aim: Dumucom Oops!
There was something there already!
You blink.
As you read the scroll of blinking, it crumbles to dust.
A smoke demon, an Ice Fiend and a chaos champion come into view.
The smoke demon roars!
The Ice Fiend roars!
The orange demon screeches!
The infernal chaos champion shouts!
The Hell Sentinel gestures at you. The iron shot hits you!
Ouch! That really hurt!
* * * LOW HITPOINT WARNING * * *
Found five items.
Unknown command.
You take 60 damage, and have 14/74 hp.
MASSIVE DAMAGE!!
Unknown command.
Okay, then.
You feel much better.
You regained 12 hp, and now have 26/74 hp.
Unknown command.
Unknown command.
A red film seems to cover your vision as you go berserk!
You feel yourself moving faster!
You feel mighty!
You are feeling hungry.
Bonozxiy hits you but does no damage. The Ice Fiend gestures at you.
The bolt of cold hits Bonozxiy.
Bonozxiy completely resists.
The bolt of cold misses you. Bonozxiy hits you!!
* * * LOW HITPOINT WARNING * * *
Dumucom hits you.
* * * LOW HITPOINT WARNING * * *
Dumucom freezes you.
* * * LOW HITPOINT WARNING * * *
The orange demon misses you.
You now have 4/111 hp.
Unknown command.
You crush Bonozxiy like a grape!!! You burn Bonozxiy!
Bonozxiy is filled with an inner flame.
The Ice Fiend calls on the powers of darkness!
You feel a surge of unholy energy.
You hit Bonozxiy. You burn Bonozxiy. Dumucom hits you but does no damage.
Bonozxiy sneers, "Return whence thou came, thou surly dizzy-eyed flap-bat!"
Bonozxiy hits you but does no damage.
You bludgeon Bonozxiy!! You burn Bonozxiy!
Dumucom sneers, "Embrace thy fall, thou impertinent half-faced simpleton!"
Dumucom completely misses you. Bonozxiy hits you!!
You die...

▓....(..
▓▓▓▓▓▓▓▓▓▓▓▓▓▓▓▓▓▓▓▓
▓...8©8...▓...8©8...
▓..}}:%.:.▓....))[..
▓..[)::}..▓.=..)[...
▓..1.34...▓..)......
▓.43.6....▓...).)...
▓.2&&4....▓..).)....
▓..@1.§...▓..|.)....
▓..▓.§.▓..▓.........
▓.▓§§§..▓.▓.▓.|...▓.
▓.§.......▓.........
▓▓▓▓▓▓▓▓▓▓▓▓▓▓▓▓▓▓▓▓


You could see Bonozxiy (inner flame), Dumucom, a Hell Sentinel, an Ice Fiend, a
green death, an infernal chaos champion, a soul eater, an orange demon, an ice
devil, a rust devil and a smoke demon.

Vanquished Creatures
  3 dancing weapons (D)
  A deep elf knight (D)
  A spriggan druid (D)
  3 deep elf archers (D)
  5 necromancers (D)
  6 deep elf magi (D)
  A cyclops (D)
  4 merfolk (D)
  A jumping spider (D)
  A shadow (D)
  5 spriggans (D)
  A fire elemental (D)
  A hippogriff (D)
  A small abomination (D)
  A porcupine (D)
  3 black bears (D)
  A necrophage (D)
  A wasp (D)
  2 centaurs (D)
  3 wolves (D)
  A giant frog (D)
  2 scorpions (D)
  A wight (D)
  2 crimson imps (D)
  A quasit (D)
  3 iron imps (D)
  2 sheep (D)
  An adder (D)
  A shadow imp (D)
  A white imp (D)
  An ufetubus (D)
  An adder skeleton (D)
  A ball python (D)
  A bat skeleton (D)
  A jackal (D)
65 creatures vanquished.

Notes
Turn   | Place    | Note
-------+----------+-------------------------------------------
     0 | D        | Laraso the Gargoyle Berserker began the quest for the Orb.
     0 | D        | Reached XP level 1. HP: 14/14 MP: 1/1
     0 | D        | Found a shimmering altar of Xom.
     2 | D        | Banished a spatial maelstrom
     9 | D        | Found a blossoming altar of Fedhas.
     9 | D        | Found a viscous altar of Jiyva.
     9 | D        | Found a snail-covered altar of Cheibriados.
     9 | D        | Found a roughly hewn altar of Beogh.
     9 | D        | Found a corrupted altar of Lugonu.
     9 | D        | Found a white marble altar of Elyvilon.
    11 | D        | Found a deep blue altar of Sif Muna.
    11 | D        | Found a burning altar of Makhleb.
    11 | D        | Found a bloodstained altar of Trog.
    11 | D        | Found an iron altar of Okawaru.
    11 | D        | Found a sparkling altar of Nemelex Xobeh.
    11 | D        | Found a radiant altar of Vehumet.
    78 | D        | Reached skill level 8 in Maces & Flails
    78 | D        | Reached XP level 2. HP: 19/19 MP: 2/2
   106 | D        | Entered arena 1.
   117 | D        | Identified Sif Muna's Guide on Igneous Clay
   125 | D        | Reached ** piety under Trog
   125 | D        | Reached *** piety under Trog
   127 | D        | Entered arena 2.
   127 | D        | Noticed a jumping spider
   127 | D        | Noticed a scorpion
   127 | D        | Noticed a scorpion
   131 | D        | Killed a jumping spider
   131 | D        | Killed a scorpion
   131 | D        | Reached skill level 5 in Fighting
   131 | D        | Reached skill level 3 in Armour
   131 | D        | Reached skill level 2 in Dodging
   131 | D        | Reached XP level 3. HP: 26/26 MP: 3/3
   131 | D        | Reached XP level 4. HP: 31/31 MP: 4/4
   131 | D        | Reached skill level 6 in Fighting
   131 | D        | Reached skill level 9 in Maces & Flails
   131 | D        | Reached XP level 5. HP: 36/36 MP: 5/5
   131 | D        | Reached **** piety under Trog
   131 | D        | Reached skill level 8 in Fighting
   131 | D        | Reached skill level 10 in Maces & Flails
   131 | D        | Reached skill level 4 in Armour
   131 | D        | Reached skill level 3 in Dodging
   131 | D        | Reached XP level 6. HP: 40/45 MP: 6/6
   236 | D        | Entered arena 3.
   244 | D        | Reached ***** piety under Trog
   244 | D        | Reached skill level 11 in Maces & Flails
   244 | D        | Reached skill level 5 in Armour
   291 | D        | Entered arena 4.
   291 | D        | Noticed a porcupine
   294 | D        | Reached skill level 9 in Fighting
   294 | D        | Reached XP level 7. HP: 51/51 MP: 7/7
   295 | D        | Received a gift from Trog
   357 | D        | Entered arena 5.
   357 | D        | Noticed a spriggan
   357 | D        | Noticed a spriggan
   359 | D        | Killed a spriggan
   359 | D        | Reached skill level 10 in Fighting
   359 | D        | Reached skill level 12 in Maces & Flails
   359 | D        | Reached skill level 6 in Armour
   359 | D        | Reached skill level 4 in Dodging
   362 | D        | Killed a spriggan
   362 | D        | Received a gift from Trog
   362 | D        | Reached XP level 8. HP: 59/59 MP: 8/8
   368 | D        | Reached skill level 11 in Fighting
   394 | D        | Got the ring of Amoqul {rN+ Dex+2}
   411 | D        | Entered arena 6.
   411 | D        | Noticed a deep elf mage
   411 | D        | Noticed a deep elf archer
   411 | D        | Noticed a deep elf mage
   411 | D        | Noticed a deep elf mage
   411 | D        | Noticed a flail of protection
   411 | D        | Noticed a long sword of slicing
   416 | D        | Killed a flail of protection
   416 | D        | Reached skill level 14 in Maces & Flails
   416 | D        | Reached XP level 9. HP: 64/64 MP: 9/9
   417 | D        | Killed a deep elf mage
   417 | D        | Reached skill level 15 in Maces & Flails
   418 | D        | Killed a deep elf mage
   418 | D        | Received a gift from Trog
   418 | D        | Reached skill level 16 in Maces & Flails
   418 | D        | Killed a deep elf mage
   418 | D        | Reached skill level 17 in Maces & Flails
   420 | D        | Killed a deep elf archer
   420 | D        | Reached XP level 10. HP: 67/70 MP: 10/10
   423 | D        | Killed a long sword of slicing
   423 | D        | Reached skill level 18 in Maces & Flails
   556 | D        | Got a smoking dire flail {god gift}
   557 | D        | Identified the +12 dire flail "Guec Vag" {god gift, crush, *Rage rElec Str+7} (Trog gifted it to you in the Dungeon)
   563 | D        | Reached ****** piety under Trog
   571 | D        | Entered arena 7.
   585 | D        | Received a gift from Trog
   587 | D        | Received a gift from Trog
   595 | D        | Got the ring "Qeosk" {*Drain Int+3 Dex+4 Stlth+}
   598 | D        | Got the +0 plate armour "Tadeonan" {Slay+2}
   607 | D        | Entered arena 8.
   607 | D        | Noticed a spriggan druid
   607 | D        | Noticed a spriggan rider
   615 | D        | Killed a spriggan druid
   615 | D        | Reached skill level 19 in Maces & Flails
   616 | D        | Received a gift from Trog
   620 | D        | HP: 20/70 [spriggan rider/spear (10)]
   636 | D        | Received a gift from Trog
   636 | D        | Reached skill level 20 in Maces & Flails
   682 | D        | Entered arena 9.
   682 | D        | Noticed a deep elf archer
   682 | D        | Noticed a halberd of protection
   682 | D        | Noticed a deep elf knight
   682 | D        | Noticed a deep elf mage
   682 | D        | Noticed a deep elf archer
   682 | D        | Noticed a deep elf mage
   682 | D        | Noticed a deep elf mage
   684 | D        | Noticed a rust devil
   686 | D        | Noticed an orange demon
   691 | D        | Killed a deep elf mage
   691 | D        | Killed a deep elf knight
   691 | D        | Killed a deep elf archer
   691 | D        | Received a gift from Trog
   691 | D        | Reached XP level 11. HP: 74/74 MP: 11/11
   694 | D        | Killed a deep elf mage
   694 | D        | Reached skill level 21 in Maces & Flails
   698 | D        | HP: 43/111 [deep elf archer/arrow (17)]
   700 | D        | Killed a deep elf mage
   701 | D        | HP: 19/111 [halberd of protection (5)]
   704 | D        | Killed a halberd of protection
   710 | D        | Killed a deep elf archer
   710 | D        | Received a gift from Trog
   713 | D        | Got a polished dire flail {god gift}
   714 | D        | Identified the +8 dire flail "Tixeq" {god gift, antimagic, +Inv Dex+2 Stlth-} (Trog gifted it to you in the Dungeon)
   755 | D        | Got the ring of the Coward {MR+ Str+3 Int-2 Dex+3 SInv}
   774 | D        | Entered arena 10.
   774 | D        | Noticed a cyclops
   782 | D        | Reached skill level 22 in Maces & Flails
   784 | D        | Received a gift from Trog
   788 | D        | Killed a cyclops
   843 | D        | Got the amulet of Esa Quogh {Inacc rN++}
   849 | D        | Received a gift from Trog
   869 | D        | Entered arena 11.
   869 | D        | Noticed a necromancer
   869 | D        | Noticed a necromancer
   870 | D        | Noticed a necromancer
   870 | D        | Noticed a necromancer
   870 | D        | Noticed a necromancer
   875 | D        | Killed a necromancer
   875 | D        | Reached skill level 7 in Armour
   875 | D        | Reached skill level 8 in Armour
   875 | D        | Killed a necromancer
   875 | D        | Received a gift from Trog
   875 | D        | Reached skill level 9 in Armour
   878 | D        | Killed a necromancer
   878 | D        | Reached skill level 10 in Armour
   880 | D        | Killed a necromancer
   880 | D        | Reached skill level 11 in Armour
   886 | D        | Killed a necromancer
   903 | D        | Received a gift from Trog
   909 | D        | Got the ring of Xihihupa {rCorr rElec rC+}
  1021 | D        | Entered arena 12.
  1021 | D        | Noticed Bonozxiy the pandemonium lord
  1021 | D        | Noticed a green death
  1021 | D        | Noticed Dumucom the pandemonium lord
  1021 | D        | Noticed a Hell Sentinel
  1022 | D        | Noticed a soul eater
  1022 | D        | Noticed an Ice Fiend
  1022 | D        | Noticed an infernal chaos champion
  1022 | D        | HP: 14/74 [Hell Sentinel/iron shot (60)]
  1024 | D        | HP: 5/111 [Dumucom the pandemonium lord (3)]
  1027 | D        | Demolished by Bonozxiy the pandemonium lord

Vault maps used:
D:        sprint_v

Skill      XL: |  1  2  3  4  5  6  7  8  9 10 11 |
---------------+----------------------------------+-----
Maces & Flails | 8 9 10 11 12 14 17 20 22 | 22.7
Fighting       | 5 6 8 9 10 11 | 11.4
Armour         | 3 4 5 6 11 | 11.7
Dodging        | 2 3 4 |  4.5

Action                   |  1- 3 |  4- 6 |  7- 9 | 10-12 || total
-------------------------+-------+-------+-------+-------++-------
Melee: Great mace        |     5 |     8 |    26 |    81 ||   120
Invok: Berserk           |     1 |     2 |     2 |     5 ||    10
       Burn Spellbooks   |     1 |     1 |     1 |     6 ||     9
       Trog's Hand       |       |       |       |     1 ||     1
  Use: Potion            |     1 |       |       |     6 ||     7
       Scroll            |       |       |       |     1 ||     1
  Eat: Chunk             |       |       |     3 |     2 ||     5
       Meat ration       |       |       |       |     1 ||     1
Armor: Gold dragon armou |     4 |    19 |    45 |   102 ||   170
Dodge: Dodged            |     2 |     6 |    14 |    67 ||    89

Table legend:
 A = Kills in this place as a percentage of kills in entire the game.
 B = Kills by you in this place as a percentage of kills by you in the entire game.
 C = Kills by friends in this place as a percentage of kills by friends in the entire game.
 D = Other kills in this place as a percentage of other kills in the entire game.
 E = Experience gained in this place as a percentage of experience gained in the entire game.
 F = Experience gained in this place divided by the number of levels of this place that you have seen.
                   A       B       C       D       E      F
               +-------+-------+-------+-------+-------+----------------------
         Total | 100.0 | 100.0 |  -nan |  -nan | 100.0 | 17895.0
       Dungeon | 100.0 | 100.0 |  -nan |  -nan | 100.0 | 17895.0
               +-------+-------+-------+-------+-------+----------------------

Table legend:
 A = Turns spent in this place as a percentage of turns spent in the entire game.
 B = Non-inter-level travel turns spent in this place as a percentage of non-inter-level travel turns spent in the entire game.
 C = Inter-level travel turns spent in this place as a percentage of turns spent in this place.
 D = Turns resting spent in this place as a percentage of non-inter-level travel turns spent in this place.
 E = Turns spent auto-exploring this place as a percentage of non-inter-level travel turns spent in this place.
 F = Non-inter-level travel turns spent in this place divided by the number of levels of this place that you've seen.
                   A       B       C       D       E      F
               +-------+-------+-------+-------+-------+----------------------
         Total | 100.0 | 100.0 |   0.0 |   8.5 |   0.0 | 693.0
       Dungeon | 100.0 | 100.0 |   0.0 |   8.5 |   0.0 | 693.0
               +-------+-------+-------+-------+-------+----------------------

Vault maps used:
D:        sprint_v
